 Dungeon Crawl Stone Soup version 0.29.1-1-gd02db6906a (webtiles) character file.

Game seed: 13390339989418361026

1185 Ashen the Chiller (level 8, 0/60 HPs)
             Began as a Demonspawn Ice Elementalist on Sept 16, 2022.
             Slain by Edmund
             ... wielding a +3 flail of protection
              (9 damage)
             ... on level 5 of the Dungeon.
             The game lasted 00:07:24 (7332 turns).

Ashen the Chiller (Demonspawn Ice Elementalist)     Turns: 7332, Time: 00:07:26

Health: 0/60       AC:  8    Str:  9    XL:     8   Next: 19%
Magic:  0/14       EV: 13    Int: 19    God:
Gold:   238        SH:  0    Dex: 13    Spells: 8/15 levels left

rFire   . . .      SeeInvis .   j - +0 rapier
rCold   . . .      Faith    .   (no shield)
rNeg    + . .      Spirit   .   a - +0 robe
rPois   .          Reflect  .   (no helmet)
rElec   .          Harm     .   (no cloak)
rCorr   .          Rampage  .   (no gloves)
Will    .....                   (no boots)
Stlth   +++.......              (no amulet)
HPRegen 0.20/turn               o - ring of positive energy
MPRegen 0.14/turn               p - ring of flight

@: ice-armoured, flying
A: hooves 2
a: no special abilities


You were on level 5 of the Dungeon.
You visited 1 branch of the dungeon, and saw 5 of its levels.

You collected 238 gold pieces.

Inventory:

Hand Weapons
 j - a +0 rapier (weapon)
 q - a +4 short sword of draining
Armour
 a - a +0 robe (worn)
Jewellery
 k - an amulet of faith
 o - a ring of positive energy (left hand)
 p - a ring of flight (right hand)
Wands
 m - a wand of flame (15)
 s - a wand of paralysis (5)
Scrolls
 c - 10 scrolls of identify {unknown}
 d - a scroll of vulnerability {unknown}
 e - 4 scrolls of teleportation {unknown}
 g - a scroll of amnesia {unknown}
 h - a scroll of noise {unknown}
 n - 4 scrolls of enchant weapon {unknown}
 v - a scroll of fear {unknown}
 w - a scroll of blinking {unknown}
Potions
 b - 2 potions of magic
 f - 5 potions of curing
 i - 4 potions of brilliance {unknown}
 l - 4 potions of haste {unknown}
 r - a potion of might {unknown}
 t - a potion of mutation {unknown}
 u - a potion of flight {unknown}


   Skills:
 + Level 4.1 Fighting
 + Level 4.2 Dodging
 + Level 4.6 Stealth
 + Level 4.3 Spellcasting
 + Level 5.4 Ice Magic


You had 8 spell levels left.
You knew the following spells:

 Your Spells              Type           Power      Damage    Failure   Level
a - Freeze                Ice            96%        1d11      1%          1
b - Frozen Ramparts       Ice            48%        1d8       4%          3
c - Ozocubu's Armour      Ice            24%        N/A       4%          3

Your spell library contained the following spells:

 Spells                   Type           Power      Damage    Failure   Level
 Beastly Appendage        Tmut           8%         N/A       13%         1
 Wereblood                Tmut           4%         N/A       21%         2
 Dazzling Flash           Conj/Hex       8%         N/A       36%         3
 Spider Form              Tmut/Pois      4%         N/A       36%         3
 Hailstorm                Conj/Ice       14%        3d5       41%         4
 Iskenderun's Mystic Bla  Conj/Tloc      4%         2d3       78%         4
 Fireball                 Conj/Fire      2%         3d4       98%         5
 Iskenderun's Battlesphe  Conj           4%         2d6       98%         5
 Conjure Ball Lightning   Conj/Air       2%         3x3d6     100%        6
 Starburst                Conj/Fire      2%         6d3       100%        6
 Orb of Destruction       Conj           2%         9d5       100%        7


Dungeon Overview and Level Annotations

Branches:
Dungeon (5/15)             Temple (0/1) D:5

Altars:
Gozag
Makhleb
Qazlal
Trog

Annotations:
D:5 Edmund


Innate Abilities, Weirdness & Mutations

You have hoof-like feet.


Message History

Edmund barely misses you.
You feel better.
The wall freezes Edmund.
Edmund barely misses you.
Casting: Frozen Ramparts (dangerous; 4% risk of failure)
Confirm with . or Enter, or press ? or * to list all spells.
Aiming: Freeze (safe; 1% risk of failure)
Press: ? - help, Shift-Dir - straight line, f - Edmund
Aim: Edmund, wielding a +3 flail of protection and wearing a +0 scale mail (heavily wounded)
You freeze Edmund!
Edmund is severely wounded.
The wall freezes Edmund but does no damage.
Edmund barely misses you.
Casting: Freeze (safe; 1% risk of failure)
Confirm with . or Enter, or press ? or * to list all spells.
Aiming: Freeze (safe; 1% risk of failure)
Press: ? - help, Shift-Dir - straight line, f/p - Edmund
Aim: Edmund, wielding a +3 flail of protection and wearing a +0 scale mail (severely wounded)
You freeze Edmund.
Edmund is severely wounded.
The wall freezes Edmund.
Edmund hits you with a +3 flail of protection.
Casting: Freeze (safe; 1% risk of failure)
Confirm with . or Enter, or press ? or * to list all spells.
Aiming: Freeze (safe; 1% risk of failure)
Press: ? - help, Shift-Dir - straight line, f/p - Edmund
Aim: Edmund, wielding a +3 flail of protection and wearing a +0 scale mail (severely wounded)
You freeze Edmund!
Edmund is almost dead.
The frozen ramparts melt away.
Edmund hits you with a +3 flail of protection!
* * * LOW HITPOINT WARNING * * *
Unknown command.
Casting: Freeze (safe; 1% risk of failure)
Confirm with . or Enter, or press ? or * to list all spells.
Aiming: Freeze (safe; 1% risk of failure)
Press: ? - help, Shift-Dir - straight line, f/p - Edmund
Aim: Edmund, wielding a +3 flail of protection and wearing a +0 scale mail (almost dead)
You freeze Edmund.
Edmund is almost dead.
Edmund hits you with a +3 flail of protection!
You die...

#.# #.#.# # #.#.# # ##.#.#
# #...!# # #....# ###
##....# # ##..
#.#.#.###.##.# #...
#......@@†...# #..§
###.#####.#### # #..≈
##'## # #. #... ##...##
###.####... ##.....## #
.....##... ##.......## #..
#.#.##.##
#.........####...#...##...
+.........'...............
#.........####...##..#####


You could see Edmund.

Vanquished Creatures
  A water moccasin (D:4)
  A black bear (D:5)
  A necrophage (D:5)
  8 scorpions
  A gnoll bouda (D:5)
  4 hounds (D:5)
  2 iguanas
  Natasha (thrice) (D:3)
  4 gnolls (D:5)
  5 adders
  3 worms
  A dart slug (D:2)
  7 ball pythons
  8 bats
  10 endoplasms
  5 giant cockroaches
  11 hobgoblins
  4 jackals (D:2)
  3 quokkas (D:3)
  7 frilled lizards
  A goblin (D:2)
  4 kobolds
  3 rats
97 creatures vanquished.

Notes
Turn   | Place    | Note
-------+----------+-------------------------------------------
     0 | D:1      | Ashen the Demonspawn Ice Elementalist began the quest for
                  | the Orb.
     0 | D:1      | Reached XP level 1. HP: 13/13 MP: 3/3
   280 | D:1      | Gained mutation: You have large cloven feet. [demonic
                  | ancestry]
   280 | D:1      | Reached XP level 2. HP: 20/20 MP: 3/5
  1398 | D:2      | Reached skill level 1 in Fighting
  1453 | D:2      | Reached XP level 3. HP: 26/26 MP: 4/6
  1842 | D:2      | You fall into a shaft and drop 2 floors!
  2123 | D:4      | Gained mutation: You have hoof-like feet. [demonic
                  | ancestry]
  2123 | D:4      | Reached XP level 4. HP: 29/32 MP: 3/7
  2482 | D:3      | Reached skill level 4 in Ice Magic
  2877 | D:2      | Learned a level 3 spell: Frozen Ramparts
  2881 | D:2      | Learned a level 3 spell: Ozocubu's Armour
  3576 | D:3      | Noticed Natasha
  3585 | D:3      | Killed Natasha
  3586 | D:3      | Reached XP level 5. HP: 27/38 MP: 4/9
  3951 | D:3      | Noticed Natasha
  3958 | D:3      | Killed Natasha
  4288 | D:3      | Noticed Natasha
  4297 | D:3      | Killed Natasha
  4429 | D:4      | Noticed a water moccasin
  4438 | D:4      | Killed a water moccasin
  4439 | D:4      | Reached XP level 6. HP: 13/46 MP: 6/10
  4878 | D:4      | Found a burning altar of Makhleb.
  4882 | D:4      | Found an opulent altar of Gozag.
  4885 | D:4      | Found a bloodstained altar of Trog.
  5417 | D:5      | Entered Level 5 of the Dungeon
  5605 | D:5      | Reached XP level 7. HP: 27/52 MP: 4/12
  5787 | D:5      | Found a staircase to the Ecumenical Temple.
  6193 | D:5      | Reached skill level 5 in Ice Magic
  6204 | D:5      | HP: 2/52 [poisoned by a scorpion]
  6957 | D:5      | Found a stormy altar of Qazlal.
  7030 | D:5      | Reached XP level 8. HP: 54/60 MP: 10/14
  7310 | D:5      | Noticed Edmund
  7332 | D:5      | Slain by Edmund

Illustrated notes

Levels and vault maps discovered:
D:1:      evilmike_arrival_plus, layout_basic
D:2:      layout_loops_ring, dk_noncrumbling_4, chequers_serial_rivers_marsh
D:3:      layout_loops_ring, minmay_pentangle, uniq_natasha
D:4:      layout_loops_cross, grunt_temple_overflow_diamond,
          kennysheep_generic_room_10
D:5:      layout_loops_corners, nicolae_qazlal_scattered_showers,
          minmay_temple_entry_hall, uniq_crazy_yiuf_cottage, uniq_edmund

Skill      XL: |  1  2  3  4  5  6  7  8 |
---------------+-------------------------+-----
Stealth        | 2 3 4 |  4.6
Dodging        | 2 3 4 |  4.2
Fighting       | 1 2 3 4 |  4.1
Ice Magic      | 4 5 |  5.4
Spellcasting   | 3 4 |  4.3

Action                   |  1- 3 |  4- 6 |  7- 9 || total
-------------------------+-------+-------+-------++-------
Melee: Unarmed           |    44 |     8 |       ||    52
       Kick              |    12 |    17 |    16 ||    45
       Rapier            |       |    68 |    38 ||   106
 Cast: Freeze            |    59 |    35 |    19 ||   113
       Frozen Ramparts   |       |     4 |     8 ||    12
       Ozocubu's Armour  |       |     2 |     8 ||    10
  Use: Potion            |       |     1 |     1 ||     2
 Stab: Sleeping          |     3 |     7 |     4 ||    14
Armor: Robe              |    22 |    17 |    19 ||    58
Dodge: Dodged            |    64 |    37 |    43 ||   144
